 Seeded DCSS version 0.29.1-12-g30fa7ad0bf (webtiles) character file.

Game seed: 16245865983455551772 (custom seed)

670 hikkokomori the Covert (level 7, -2/61 HPs)
             Began as an Octopode Conjurer on Jan 17, 2023.
             Slain by a steam dragon (5 damage)
             ... on level 7 of the Dungeon.
             The game lasted 00:05:03 (3846 turns).

hikkokomori the Covert (Octopode Conjurer)          Turns: 3846, Time: 00:05:05

Health: -2/61      AC:  2    Str:  6    XL:     7   Next: 58%
Magic:  12/19      EV: 13    Int: 34    God:
Gold:   708        SH:  0    Dex: 11    Spells: 7/10 levels left

rFire   . . .      SeeInvis .   h - staff of conjuration
rCold   + . .      Faith    .   (no shield)
rNeg    . . .      Spirit   .   b - +1 hat of Spite {rC+ Will+ MP+9}
rPois   .          Reflect  .   (no amulet)
rElec   .          Harm     .   f - +6 ring of intelligence
rCorr   .          Rampage  .   g - +6 ring of intelligence
Will    +....                   (no ring)
Stlth   ..........              (no ring)
HPRegen 0.20/turn               (no ring)
MPRegen 0.16/turn               (no ring)
                                (no ring)
                                (no ring)

@: confused, berserking, very quick
A: almost no armour, amphibious, 8 rings, camouflage 1, gelatinous body 1,
(nimble swimmer 1), tentacles
a: no special abilities


You were on level 7 of the Dungeon.
You visited 1 branch of the dungeon, and saw 5 of its levels.

You collected 708 gold pieces.

Inventory:

Armour
 b - the +1 hat of Spite (worn) {rC+ Will+ MP+9}
   (You acquired it on level 1 of the Dungeon)

   rC:        It protects you from cold.
   MP:        It affects your magic capacity (+9).
   Will:      It increases your willpower.
Magical Staves
 h - a staff of conjuration (weapon)
Jewellery
 f - a +6 ring of intelligence (left tentacle)
 g - a +6 ring of intelligence (right tentacle)
 o - an amulet of regeneration
Wands
 m - a wand of roots (4)
Scrolls
 e - 4 scrolls of teleportation {unknown}
 j - 3 scrolls of identify {unknown}
 k - a scroll of enchant weapon {unknown}
 l - a scroll of summoning {unknown}
 n - a scroll of noise {unknown}
 p - a scroll of immolation {unknown}
 s - a scroll of silence {unknown}
Potions
 a - a potion of magic
 c - 2 potions of flight {unknown}
 d - a potion of might {unknown}
 i - a potion of lignification {unknown}
 r - a potion of heal wounds {unknown}
 t - a potion of attraction {unknown}


   Skills:
 - Level 2.0 Dodging
 + Level 8.5 Stealth
 - Level 2.0 Spellcasting
 + Level 7.0 Conjurations


You had 7 spell levels left.
You knew the following spells:

 Your Spells              Type           Power      Damage    Failure   Level
a - Magic Dart            Conj           100%       1d8       1%          1
b - Searing Ray           Conj           100%       2d8       1%          2

Your spell library contained the following spells:

 Spells                   Type           Power      Damage    Failure   Level
 Dazzling Flash           Conj/Hex       80%        N/A       4%          3
 Sting                    Tmut/Pois      12%        1d3       6%          1
 Poisonous Vapours        Pois/Air       6%         N/A       9%          2
 Fulminant Prism          Conj/Hex       20%        3d13      14%         4
 Iskenderun's Mystic Bla  Conj/Tloc      40%        2d9       14%         4
 Confusing Touch          Hex            3%         N/A       19%         3
 Olgreb's Toxic Radiance  Pois           3%         N/A       52%         4
 Yara's Violent Unravell  Hex/Tmut       1%         3d3       86%         5
 Enfeeble                 Hex            1%         N/A       100%        7
 Chain Lightning          Conj/Air       20%        3d26      100%        9
 Fire Storm               Conj/Fire      20%        8d5       100%        9
 Shatter                  Erth           1%         3d6*      100%        9


Dungeon Overview and Level Annotations

Branches:
Dungeon (7/15)
 Temple: D:4-7

Altars:
Cheibriados
Makhleb

Shops:
D:3 [   D:4 *[


Innate Abilities, Weirdness & Mutations

You cannot wear most types of armour.
You are amphibious.
You can wear up to eight rings at the same time.
Your skin changes colour to match your surroundings (Stealth+).
Your rubbery body absorbs attacks. (AC +1, EV +1)
((You are camouflaged when in or above water. (Stealth+)))
You have tentacles for arms and can constrict up to eight enemies at once.


Message History

Your Conjurations skill increases to level 7!
You finish channelling your searing ray.
Unknown command.
You start resting.
A steam dragon is nearby!
Casting: Searing Ray (safe; 1% risk of failure)
Confirm with . or Enter, or press ? or * to list all spells.
Aiming: Searing Ray (safe; 1% risk of failure)
Press: ? - help, Shift-Dir - straight line, f - steam dragon
Aim: a steam dragon (wandering, hasn't noticed you, 83% to hit)
You feel a surge of power!
The searing ray hits the steam dragon.
The steam dragon is lightly wounded.
The steam dragon hisses angrily. (Press . to maintain the ray.)
The steam dragon breathes steam at you. The ball of steam misses you.
You hear a shout! x3
The searing ray hits the steam dragon!
The steam dragon is heavily wounded.
You are engulfed in a cloud of scalding steam.
The steam dragon breathes steam at you. The ball of steam hits you!!
* * * LOW HITPOINT WARNING * * *
The searing ray hits the steam dragon!
The steam dragon is severely wounded.
You are engulfed in a cloud of scalding steam.
* * * LOW HITPOINT WARNING * * *
The steam dragon bites you.
* * * LOW HITPOINT WARNING * * *
The steam dragon misses you. The orc wizard casts a spell at you.
You are confused.
You're too confused to cast spells.
Unknown command.
Unknown command.
It was a potion of berserk rage.
A red film seems to cover your vision as you go berserk!
You feel yourself moving faster!
You feel mighty! The steam dragon closely misses you.
The steam dragon claws you.
You die...

..#......#.........#
..##.....#.........####
..##...................
..#######.........<#
..'.............#..#
..########.####.#..#
.># #.# #.#..# ..#
#.####....######o ..#
#.#....@......... ###
######.§D!.>.o...
#.##.###### #.##†#
#.##.# ..##.# #.##.# .?
.D# ## #.#


You could see a steam dragon and an orc wizard.

Vanquished Creatures
  A bullfrog (D:7)
  A necrophage (D:4)
  A scorpion (D:4)
  4 wights (D:7)
  An orc priest (D:3)
  An iron imp (D:4)
  Jessica (D:2)
  An iguana (D:4)
  2 orc wizards (D:3)
  Natasha (D:3)
  A hound skeleton (D:4)
  2 adders
  5 orcs (D:3)
  6 ball pythons
  3 bats
  7 endoplasms
  A giant cockroach (D:4)
  4 goblins
  8 hobgoblins
  4 kobolds
  4 quokkas
  3 frilled lizards
  7 rats
69 creatures vanquished.

Vanquished Creatures (others)
  12 plants (D:7)
12 creatures vanquished.

Grand Total: 81 creatures vanquished

Notes
Turn   | Place    | Note
-------+----------+-------------------------------------------
     0 | D:1      | hikkokomori the Octopode Conjurer began the quest for the
                  | Orb.
     0 | D:1      | Reached XP level 1. HP: 11/11 MP: 3/3
   192 | D:1      | Reached skill level 3 in Stealth
   356 | D:1      | Found a faded altar of an unknown god.
   379 | D:1      | Reached XP level 2. HP: 17/17 MP: 0/5
  1204 | D:1      | Reached XP level 3. HP: 21/21 MP: 3/6
  1206 | D:1      | Identified 3 scrolls of acquirement
  1206 | D:1      | Acquired a staff of conjuration
  1207 | D:1      | Acquired 536 gold pieces
  1208 | D:1      | Acquired the +1 hat of Spite {rC+ Will+ MP+9}
  1569 | D:2      | Reached skill level 4 in Stealth
  1572 | D:2      | Learned a level 2 spell: Searing Ray
  1706 | D:2      | Noticed Jessica
  1709 | D:2      | Killed Jessica
  1710 | D:2      | Reached XP level 4. HP: 22/27 MP: 7/7
  2393 | D:3      | Reached skill level 5 in Stealth
  2393 | D:3      | Reached skill level 5 in Conjurations
  2469 | D:3      | Found Ymmy Ciutu's Antique Armour Shoppe.
  2483 | D:3      | Reached XP level 5. HP: 31/31 MP: 8/8
  2889 | D:3      | Noticed Natasha
  2893 | D:3      | Killed Natasha
  2894 | D:3      | Reached skill level 6 in Stealth
  3160 | D:4      | Found Tuuwolaw's General Store.
  3175 | D:4      | Reached XP level 6. HP: 36/36 MP: 9/9
  3208 | D:4      | Found a snail-covered altar of Cheibriados.
  3440 | D:4      | Reached skill level 7 in Stealth
  3591 | D:4      | Found a burning altar of Makhleb.
  3671 | D:4      | Found Gamycsypi's Antique Armour Boutique.
  3674 | D:4      | You fall into a shaft and drop 3 floors!
  3682 | D:7      | Reached XP level 7. HP: 41/41 MP: 10/10
  3734 | D:7      | Reached skill level 8 in Stealth
  3834 | D:7      | Noticed a steam dragon
  3845 | D:7      | HP: 2/41 [steam dragon (2)]
  3846 | D:7      | Slain by a steam dragon

Illustrated notes

Levels and vault maps discovered:
D:1:      minmay_arrival_hallway, layout_loops_corners, basic_ecumenical_altar,
          minmay_unequal
D:2:      layout_loops_ring, uniq_jessica
D:3:      layout_basic, serial_shops, nicolae_shop_advertising_works
          [nicolae_subvault_shop_adworks], minmay_shallow_snake_nest,
          uniq_natasha
D:4:      layout_rooms, grunt_dithmenos_smoke_and_mirrors,
          makhleb_blood_cavern_becter, slow_altar_1, serial_shops,
          nicolae_square_shop, nicolae_shop_temple_entry_statues_fountains,
          kennysheep_mini_moat, chequers_serial_rivers_large_a,
          minmay_fractal_squares_gapless_5
D:7:      layout_basic, nicolae_hepliaklqana_hazy_memory, serial_shops,
          nicolae_stop_n_shop_2

Skill      XL: |  1  2  3  4  5  6  7 |
---------------+----------------------+-----
Stealth        | 3 4 5 6 7 8 |  8.5
Conjurations   | 5 6 7 |  7.0
Dodging        | |  2.0
Spellcasting   | |  2.0

Action                   |  1- 3 |  4- 6 |  7- 9 || total
-------------------------+-------+-------+-------++-------
Melee: Unarmed           |     7 |       |       ||     7
       Constrict         |     1 |       |       ||     1
       Tentacles         |     1 |       |       ||     1
 Cast: Magic Dart        |    42 |    91 |     1 ||   134
       Searing Ray       |       |     8 |     4 ||    12
  Use: Scroll            |     3 |       |       ||     3
       Potion            |       |       |     1 ||     1
Dodge: Dodged            |     3 |    13 |     5 ||    21
